 Dungeon Crawl Stone Soup version 0.28.0 (webtiles) character file.

Game seed: 15081930382130424940

94 jfcaron the Covered (level 4, -3/38 HPs)
             Began as a Gnoll Wanderer on Feb 6, 2022.
             Slain by an orc (7 damage)
             ... on level 2 of the Dungeon.
             The game lasted 00:04:27 (2405 turns).

jfcaron the Covered (Gnoll Wanderer)                Turns: 2405, Time: 00:04:28

Health: -3/38      AC:  6    Str: 22    XL:     4   Next: 63%
Magic:  8/8        EV: 11    Int: 12    God:
Gold:   51         SH:  0    Dex:  8    Spells: 8/9 levels left

rFire   . . .      SeeInvis .   a - +0 quarterstaff (vorpal)
rCold   . . .      Faith    .   (shield currently unavailable)
rNeg    . . .      Spirit   .   c - +0 ring mail
rPois   .          Reflect  .   (no helmet)
rElec   .          Harm     .   (no cloak)
rCorr   .          Rampage  .   (no gloves)
Will    .....                   (no boots)
Stlth   +.........              (no amulet)
HPRegen 0.12/turn               k - +6 ring of strength
MPRegen 0.11/turn               (no ring)

@: no status effects
A: fangs 1, strong nose, distributed training
a: no special abilities


You were on level 2 of the Dungeon.
You visited 1 branch of the dungeon, and saw 3 of its levels.

You collected 51 gold pieces.

Inventory:

Hand Weapons
 a - a +0 vorpal quarterstaff (weapon)
 b - a +4 hunting sling
Missiles
 l - 7 poisoned darts (quivered)
 m - 10 bolts
 n - 21 arrows
 r - 7 sling bullets
 u - 79 stones
Armour
 c - a +0 ring mail (worn)
Jewellery
 k - a +6 ring of strength (left hand)
Scrolls
 f - a scroll of summoning {unknown}
 g - a scroll of identify {unknown}
 h - a scroll of silence {unknown}
 i - 2 scrolls of teleportation {unknown}
 o - a scroll of enchant weapon {unknown}
Potions
 d - 2 potions of mutation {unknown}
 e - 2 potions of attraction {unknown}
 j - 2 potions of resistance {unknown}
 p - a potion of brilliance {unknown}
 q - a potion of lignification {unknown}
 s - a potion of curing {unknown}


   Skills:
 + Level 4.6 Fighting
 + Level 1.2 Short Blades
 + Level 1.2 Long Blades
 + Level 1.2 Axes
 + Level 2.8 Maces & Flails
 + Level 1.2 Polearms
 + Level 6.6 Staves
 + Level 1.2 Slings
 + Level 1.2 Bows
 + Level 1.2 Crossbows
 + Level 1.2 Throwing
 + Level 6.6 Armour
 + Level 1.2 Dodging
 + Level 1.2 Stealth
 + Level 1.2 Shields
 + Level 1.2 Unarmed Combat
 + Level 3.0 Spellcasting
 + Level 1.0 Conjurations
 + Level 1.0 Hexes
 + Level 1.0 Summonings
 + Level 1.0 Necromancy
 + Level 1.0 Translocations
 + Level 1.0 Transmutations
 + Level 1.0 Fire Magic
 + Level 1.0 Ice Magic
 + Level 1.0 Air Magic
 + Level 1.0 Earth Magic
 + Level 1.0 Poison Magic
 + Level 1.3 Invocations
 + Level 1.2 Evocations


You had 8 spell levels left.
You knew the following spells:

 Your Spells              Type           Power      Damage    Failure   Level
a - Apportation           Tloc           8%         N/A       24%         1

Your spell library contained the following spells:

 Spells                   Type           Power      Damage    Failure   Level
 Stone Arrow              Conj/Erth      8%         3d7       58%         3
 Animate Armour           Summ/Erth      8%         N/A       94%         4
 Alistair's Intoxication  Tmut/Pois      2%         N/A       100%        5
 Lehudib's Crystal Spear  Conj/Erth      2%         10d2      100%        8


Dungeon Overview and Level Annotations

Branches:
Dungeon (3/15)

Altars:


Innate Abilities, Weirdness & Mutations

You have very sharp teeth.
Your uncanny sense of smell can sniff out nearby items.
Your experience applies equally to all skills.


Message History

Beogh smites you!
Unknown command.
The withered plant crumbles away.
The orc priest miscasts a cantrip.
The orc priest calls upon Beogh to heal the orc priest.
The orc priest's wounds heal themselves!
The orc priest miscasts a cantrip.
You see here a bat corpse.
There is a stone staircase leading up here.
Okay, then.
Fire: 9 sling bullets
Press: ? - help, Q - select action, (/) - cycle Shift-Dir - straight line, f/p - orc priest
Aim: an orc priest, wielding a +0 short sword (lightly wounded, 62% to hit)
You shoot a sling bullet. The sling bullet barely misses the orc.
The sling bullet hits the orc priest.
The orc priest is lightly wounded.
The orc priest calls upon Beogh to heal the orc priest.
The orc priest's wounds heal themselves!
Fire: 8 sling bullets
Press: ? - help, Q - select action, (/) - cycle Shift-Dir - straight line, f/p - orc priest
Aim: an orc priest, wielding a +0 short sword (62% to hit)
You shoot a sling bullet. The sling bullet hits the orc priest.
The orc priest is moderately wounded.
The orc barely misses you.
The orc priest looks braver for a moment.
The orc hits you with a +1 vorpal mace! The orc barely misses you.
The orc priest hits you with a +0 club.
You climb upwards.
There is a stone staircase leading down here.
a - a +0 vorpal quarterstaff (weapon)
You barely miss the orc priest. Your bite misses the orc priest.
The orc priest is moderately wounded.
The orc barely misses you.
The orc priest calls down the wrath of Beogh upon you.
Beogh smites you!
* * * LOW HITPOINT WARNING * * *
You sock the orc priest!
You kill the orc priest!
The orc hits you with a +1 vorpal mace!
You die...

......# #....# #.# #.#
#.# ......#
#####....###.# #.###.#
#####.# #...'........#
#.....# # #.#
##.##....##### #######
# #.# #.###.......# #
##.####.# #...###.# #
#....##.###...###.# #
####.##......o..#.# #
#)........@....#
#################)####
...................#
######..#######....#
.#####..# #....#
........#######....#
..................##
..##.[.#######....#
##.....# #.####


You could see an orc.

Vanquished Creatures
  An orc priest (D:2)
  2 adders (D:2)
  2 worms (D:2)
  A dart slug (D:1)
  8 bats
  6 endoplasms
  4 giant cockroaches
  6 goblins
  2 hobgoblins
  11 jackals
  A quokka (D:1)
  6 ball pythons
  5 frilled lizards
  3 kobolds
  6 rats
  2 demonic plants (D:3)
  A withered plant (D:3)
67 creatures vanquished.

Notes
Turn   | Place    | Note
-------+----------+-------------------------------------------
     0 | D:1      | jfcaron the Gnoll Wanderer began the quest for the Orb.
     0 | D:1      | jfcaron set off with the following items: a +0 vorpal
                  | quarterstaff, a +0 mace, a +0 ring mail
     0 | D:1      | Reached XP level 1. HP: 20/20 MP: 4/4
    77 | D:1      | Reached XP level 2. HP: 24/26 MP: 5/5
   364 | D:1      | Reached XP level 3. HP: 31/31 MP: 7/7
   908 | D:1      | Reached skill level 1 in Invocations
  1175 | D:2      | Learned a level 1 spell: Apportation
  1272 | D:2      | Reached skill level 1 in Short Blades
  1272 | D:2      | Reached skill level 1 in Long Blades
  1272 | D:2      | Reached skill level 1 in Axes
  1272 | D:2      | Reached skill level 1 in Polearms
  1272 | D:2      | Reached skill level 1 in Slings
  1272 | D:2      | Reached skill level 1 in Bows
  1272 | D:2      | Reached skill level 1 in Crossbows
  1272 | D:2      | Reached skill level 1 in Throwing
  1272 | D:2      | Reached skill level 1 in Dodging
  1272 | D:2      | Reached skill level 1 in Stealth
  1272 | D:2      | Reached skill level 1 in Shields
  1272 | D:2      | Reached skill level 1 in Unarmed Combat
  1272 | D:2      | Reached skill level 1 in Evocations
  1276 | D:2      | Reached XP level 4. HP: 38/38 MP: 8/8
  1754 | D:2      | Reached skill level 1 in Conjurations
  1754 | D:2      | Reached skill level 1 in Hexes
  1754 | D:2      | Reached skill level 1 in Summonings
  1754 | D:2      | Reached skill level 1 in Necromancy
  1754 | D:2      | Reached skill level 1 in Translocations
  1754 | D:2      | Reached skill level 1 in Transmutations
  1754 | D:2      | Reached skill level 1 in Fire Magic
  1754 | D:2      | Reached skill level 1 in Ice Magic
  1754 | D:2      | Reached skill level 1 in Air Magic
  1754 | D:2      | Reached skill level 1 in Earth Magic
  1754 | D:2      | Reached skill level 1 in Poison Magic
  2377 | D:3      | Found a faded altar of an unknown god.
  2404 | D:2      | HP: 4/38 [orc priest/divine providence (13)]
  2405 | D:2      | Slain by an orc

Illustrated notes

Levels and vault maps discovered:
D:1:      grunt_arrival_crossed_arrows, layout_basic, grunt_decor_mini_mirrors
D:2:      minmay_angry_zag, layout_basic, chequers_serial_rivers_micro_c,
          minmay_misc_feat_ornament
D:3:      layout_basic, gammafunk_ghost_cemetery, shapermc_ecumenical_altar_gd,
          kennysheep_generic_room_3

Skill      XL: |  1  2  3  4 |
---------------+-------------+-----
Invocations    | 1 |  1.3
Short Blades   | 1 |  1.2
Long Blades    | 1 |  1.2
Axes           | 1 |  1.2
Polearms       | 1 |  1.2
Slings         | 1 |  1.2
Bows           | 1 |  1.2
Crossbows      | 1 |  1.2
Throwing       | 1 |  1.2
Dodging        | 1 |  1.2
Stealth        | 1 |  1.2
Shields        | 1 |  1.2
Unarmed Combat | 1 |  1.2
Evocations     | 1 |  1.2
Spellcasting   | 3 |  3.0
Conjurations   | 1 |  1.0
Hexes          | 1 |  1.0
Summonings     | 1 |  1.0
Necromancy     | 1 |  1.0
Translocations | 1 |  1.0
Transmutations | 1 |  1.0
Fire Magic     | 1 |  1.0
Ice Magic      | 1 |  1.0
Air Magic      | 1 |  1.0
Earth Magic    | 1 |  1.0
Poison Magic   | 1 |  1.0
Fighting       | |  4.6
Maces & Flails | |  2.8
Staves         | |  6.6
Armour         | |  6.6

Action                   |  1- 3 |  4- 6 || total
-------------------------+-------+-------++-------
Melee: Quarterstaff      |    85 |    38 ||   123
       Bite              |     5 |       ||     5
 Fire: Hunting sling     |       |    11 ||    11
Throw: Dart              |    30 |    40 ||    70
Armor: Ring mail         |    32 |    13 ||    45
Dodge: Dodged            |    43 |    14 ||    57
